 Dungeon Crawl Stone Soup version 0.18.1-48-g4cf74bf (webtiles) character file.

94 Alarkh the Shooter (level 4, 0/33 HPs)
             Began as a Mummy Hunter on Aug 11, 2016.
             Slain by a worm (1 damage)
             ... on level 1 of the Dungeon.
             The game lasted 00:03:04 (2528 turns).

Alarkh the Shooter (Mummy Hunter)                   Turns: 2528, Time: 00:03:04

Health: 0/33       AC:  4    Str: 15    XL:     4   Next: 38%
Magic:  4/4        EV: 11    Int: 11    God:
Gold:   88         SH:  0    Dex: 12    Spells: 0 memorised, 3 levels left

rFire  x . .     SeeInvis .     h - +0 short sword (curse)
rCold  + . .     Gourm    .     c - +0 leather armour
rNeg   + + +     Faith    .     (no shield)
rPois  ∞         Spirit   .     (no helmet)
rElec  .         Dismiss  .     g - +0 cloak
rCorr  .         Reflect  .     (no gloves)
SustAt .         Harm     .     (no boots)
MR     .....                    (no amulet)
Stlth  +.........               (no ring)
                                (no ring)

@: not resistant to hostile enchantments, very unstealthy
A: no food or potions, fire vulnerability, cold resistance 1, negative energy
resistance 3, torment resistance, unbreathing
a: no special abilities


You were on level 1 of the Dungeon.
You were not hungry.

You visited 1 branch of the dungeon, and saw 2 of its levels.

You collected 88 gold pieces.

Inventory:

Hand Weapons
 a - a +1 shortbow
 b - a +0 short sword
 h - a cursed +0 short sword (weapon)
Missiles
 d - 33 arrows
Armour
 c - a +0 leather armour (worn)
 g - a +0 cloak (worn)
Scrolls
 e - 2 scrolls of teleportation
 f - 2 scrolls of identify


   Skills:
 - Level 2.0 Fighting
 + Level 4.9 Bows
 - Level 1.5 Dodging
 - Level 0.7 Stealth


You had 3 spell levels left.
You didn't know any spells.

Dungeon Overview and Level Annotations

Branches:
Dungeon (2/15)

Altars:
Sif Muna


Innate Abilities, Weirdness & Mutations

You do not eat or drink.
Your flesh is vulnerable to fire.
You are immune to poison.
Your flesh is cold resistant.
You are immune to negative energy.
You are immune to unholy pain and torment.
You can survive without breathing.


Message History

You are too injured to fight recklessly!
You are too injured to fight recklessly!
Read which item? (? for menu, Esc to quit)
As you read the scroll of fear, it crumbles to dust.
You assume a fearsome visage.
The worm looks frightened!
You barely miss the worm.
The worm is lightly wounded.
You see here a runed chain mail.
You barely miss the worm.
The worm is lightly wounded.
You hit the worm.
Your attack snaps the worm out of its fear.
The worm is moderately wounded.
The worm bites you.
* * * LOW HITPOINT WARNING * * *
You hit the worm but do no damage.
The worm is moderately wounded.
The worm misses you. The worm bites you.
You die...

#.#...!...#.# #.#.#######.#
#...........# ###.#########
#.#.......#
#######.#.....#.###########
..........................#
#########.......#########.#
....### #.......@w..[.>##.#
####..###.......#.#######.#
..####.##..(...##########.#
##..###.#.................#
.###.##.#####'.############
#.###.##.# #.#.# #####.##.#
#.#.# ####.###.###.#.#
##..###.###.##.#


You could see a worm.

Vanquished Creatures
  4 adders (D:2)
  An ooze (D:1)
  A worm (D:2)
  4 giant geckos
  2 giant cockroaches (D:1)
  4 goblins (D:1)
  4 hobgoblins (D:2)
  6 jackals
  7 kobolds
  A ball python (D:1)
  4 bats
  A giant newt (D:2)
  7 rats
46 creatures vanquished.

Notes
Turn   | Place    | Note
--------------------------------------------------------------
     0 | D:1      | Alarkh the Mummy Hunter began the quest for the Orb.
     0 | D:1      | Reached XP level 1. HP: 16/16 MP: 1/1
    97 | D:1      | Reached XP level 2. HP: 16/22 MP: 2/2
   633 | D:1      | Reached skill level 4 in Bows
   962 | D:1      | Reached XP level 3. HP: 15/27 MP: 3/3
  1426 | D:2      | Found a deep blue altar of Sif Muna.
  1808 | D:2      | Reached XP level 4. HP: 25/33 MP: 4/4
  2525 | D:1      | HP: 1/33 [worm (6)]
  2528 | D:1      | Slain by a worm

Skill      XL: |  1  2 |
---------------+-------+-----
Bows           | 4 |  4.9
Fighting       | |  2.0
Dodging        | |  1.5
Stealth        | |  0.7

Action                   |  1- 3 |  4- 6 || total
-------------------------+-------+-------++-------
Melee: Short sword       |   161 |    53 ||   214
 Fire: Shortbow          |    33 |       ||    33
  Use: Scroll            |     1 |     2 ||     3
 Stab: Sleeping          |     2 |       ||     2
Armor: Leather armour    |    49 |    12 ||    61
Dodge: Dodged            |   116 |    37 ||   153
